 Dungeon Crawl Stone Soup version 0.30-a0-364-gf6b3ef1049 (webtiles) character file.

Game seed: 1232444519542674854

90 LnG the Caller (level 4, -2/24 HPs)
             Began as a Kobold Summoner on Nov 14, 2022.
             Was an Initiate of Dithmenos.
             Slain by a gnoll
             ... wielding a +0 flail
              (4 damage)
             ... on level 2 of the Dungeon.
             The game lasted 00:03:04 (1577 turns).

LnG the Caller (Kobold Summoner)                    Turns: 1577, Time: 00:03:05

Health: -2/24      AC:  2    Str:  5    XL:     4   Next: 85%
Magic:  7/8        EV: 15    Int: 18    God:    Dithmenos [......]
Gold:   124        SH:  0    Dex: 15    Spells: 2/8 levels left

rFire   . . .      SeeInvis .    i - +0 dagger
rCold   . . .      Faith    .    (no shield)
rNeg    . . .      Spirit   .    a - +0 robe
rPois   .          Reflect  .    (no helmet)
rElec   .          Harm     .    (no cloak)
rCorr   .          Rampage  .    (no gloves)
Will    .....                    (no boots)
Stlth   ++++......               (no amulet)
HPRegen 0.24/turn                (no ring)
MPRegen 0.11/turn                (no ring)

@: about to teleport
A: small, no large weapons, nightstalker 3
a: Renounce Religion


You were on level 2 of the Dungeon.
You worshipped Dithmenos.
Dithmenos was noncommittal.
You visited 1 branch of the dungeon, and saw 2 of its levels.

You collected 124 gold pieces.

Inventory:

Hand Weapons
 i - a +0 dagger (weapon)
Armour
 a - a +0 robe (worn)
Scrolls
 d - 2 scrolls of identify {unknown}
 e - 2 scrolls of teleportation
 g - 2 scrolls of enchant weapon {unknown}
 j - a scroll of noise {unknown}
 k - a scroll of brand weapon {unknown}
 l - 2 scrolls of amnesia {unknown}
Potions
 b - a potion of magic
 c - a potion of might {unknown}
 f - a potion of cancellation {unknown}
 h - a potion of haste {unknown}


   Skills:
 + Level 0.1 Fighting
 + Level 1.5 Short Blades
 * Level 3.3 Dodging
 * Level 3.9 Stealth
 + Level 2.6 Spellcasting
 + Level 4.6 Summonings


You had 2 spell levels left.
You knew the following spells:

 Your Spells              Type           Power      Damage    Failure   Level
a - Summon Small Mammal   Summ           76%        N/A       2%          1
b - Call Imp              Summ           19%        N/A       3%          2
c - Call Canine Familiar  Summ           19%        N/A       8%          3

Your spell library contained the following spells:

 Spells                   Type           Power      Damage    Failure   Level
 Summon Guardian Golem    Hex/Summ       10%        N/A       21%         3
 Summon Lightning Spire   Summ/Air       10%        N/A       54%         4


Dungeon Overview and Level Annotations

Branches:
Dungeon (2/15)

Altars:
Dithmenos


Innate Abilities, Weirdness & Mutations

You are small and have problems with some larger weapons.
You are completely attuned to the shadows.


Message History

You kill the bat!
Dithmenos accepts your kill.
A gnoll comes into view. It is wielding a +0 club.
A gnoll comes into view. It is wielding a +0 flail.
The helpless gnoll fails to defend itself.
You puncture the gnoll!
You kill the gnoll!
Dithmenos accepts your kill.
The gnoll shouts! x2; You hear a shout!
You see here a +0 halberd.
You hit the gnoll.
The gnoll is lightly wounded.
The gnoll hits you with a +0 club.
You hit the gnoll but do no damage.
The gnoll is lightly wounded.
The gnoll closely misses you. The gnoll hits you with a +0 club.
A goblin comes into view. It is wielding a +0 club.
You hit the gnoll.
The gnoll is heavily wounded.
The gnoll hits you with a +0 flail. The gnoll hits you with a +0 club.
* * * LOW HITPOINT WARNING * * *
You are too injured to fight recklessly!
You are too injured to fight recklessly!
You are too injured to fight recklessly!
You are too injured to fight recklessly!
You are too injured to fight recklessly!
You are too injured to fight recklessly!
You are too injured to fight recklessly!
You are too injured to fight recklessly!
You are too injured to fight recklessly!
You are too injured to fight recklessly!
You are too injured to fight recklessly!
You are too injured to fight recklessly!
You are too injured to fight recklessly!
As you read the scroll labelled DODIN PEUGUNWE, it crumbles to dust.
You feel strangely unstable.
It was a scroll of teleportation.
The gnoll hits you with a +0 club.
* * * LOW HITPOINT WARNING * * *
The gnoll hits you with a +0 flail.
You die...

##########.........#####
#.........# ########'##
### #.# #.. #.# #[.
.############.# #..
..............# #..
..gg........### #..
...g@.......# #..
............# #..
........†...# #..
..........[.# #..
............# ###
...........+


You could see 2 gnolls and a goblin.

Vanquished Creatures
  2 gnolls (D:2)
  An adder (D:2)
  4 ball pythons
  2 endoplasms
  2 goblins (D:1)
  4 quokkas
  3 bats
  A frilled lizard (D:2)
  A kobold (D:1)
  2 rats (D:2)
22 creatures vanquished.

Vanquished Creatures (collateral kills)
  3 adders (D:2)
  A gnoll (D:2)
  A bat (D:1)
  A hobgoblin (D:2)
6 creatures vanquished.

Vanquished Creatures (others)
  3 plants (D:2)
3 creatures vanquished.

Grand Total: 31 creatures vanquished

Notes
Turn   | Place    | Note
-------+----------+-------------------------------------------
     0 | D:1      | LnG the Kobold Summoner began the quest for the Orb.
     0 | D:1      | Reached XP level 1. HP: 10/10 MP: 3/3
   463 | D:1      | Found a faded altar of an unknown god.
   516 | D:1      | Reached XP level 2. HP: 12/15 MP: 5/5
   519 | D:1      | Learned a level 2 spell: Call Imp
   854 | D:2      | Found a shadowy altar of Dithmenos.
   896 | D:2      | Reached XP level 3. HP: 11/19 MP: 2/6
   973 | D:2      | Learned a level 3 spell: Call Canine Familiar
  1240 | D:2      | Reached XP level 4. HP: 9/24 MP: 3/7
  1326 | D:2      | Reached skill level 1 in Short Blades
  1332 | D:2      | Became a worshipper of Dithmenos the Shadowed
  1577 | D:2      | Slain by a gnoll

Illustrated notes

Levels and vault maps discovered:
D:1:      doesnt_arrival_eight_statues, layout_basic,
          shapermc_ecumenical_altar_mp_vishouse
D:2:      wad_woods_stonehenge, layout_basic, kennysheep_generic_room_6

Skill      XL: |  1  2  3  4 |
---------------+-------------+-----
Stealth        | 3 |  3.9
Dodging        | 3 |  3.3
Short Blades   | 1 |  1.5
Fighting       | |  0.1
Spellcasting   | |  2.6
Summonings     | |  4.6

Action                   |  1- 3 |  4- 6 || total
-------------------------+-------+-------++-------
Melee: Dagger            |    39 |    25 ||    64
       Unarmed           |     4 |       ||     4
 Cast: Summon Small Mamm |    10 |       ||    10
       Call Imp          |     2 |       ||     2
       Call Canine Famil |     1 |     1 ||     2
  Use: Scroll            |       |     1 ||     1
 Stab: Sleeping          |     9 |     4 ||    13
Armor: Robe              |     4 |     3 ||     7
Dodge: Dodged            |    27 |    22 ||    49

Table legend: (Time is in decaauts)
 A = Elapsed time spent in this place.
 B = Non-inter-level travel time spent in this place.
 C = Inter-level travel time spent in this place.
 D = Time resting spent in this place.
 E = Time spent auto-exploring this place.
 F = Levels seen in this place.
 G = Mean time per level.
                   A        B        C        D        E       F      G
               +--------+--------+--------+--------+--------+-----+--------+
         Total |   1574 |   1574 |      0 |    125 |   1104 |   2 |  787.0 |
       Dungeon |   1574 |   1574 |      0 |    125 |   1104 |   2 |  787.0 |
               +--------+--------+--------+--------+--------+-----+--------+

Top non-repeatable levels by time:
     D:2: 859 daAuts
     D:1: 715 daAuts
